SKY
NEW YORK YANKEES @ CLEVELAND INDIANS
03/23/2052
 
TOP OF THE 1ST
New York Yankees batting - Pitching for Cleveland Indians : RHP Declan Ogles
Pitching: RHP Declan Ogles
Batting: RHB Goncalves Agosto 0-0: SINGLE (Line Drive, 5D, EV 102.5 MPH)
Batting: RHB Zach Loftin 0-0: Ball
1-0: Sac Bunt to 15S - play at first, batter OUT! 1-3
Goncalves Agosto to second
Batting: LHB Isaiah Howerton 0-0: Ball
1-0: Called Strike
1-1: Ball
Wild Pitch!
Goncalves Agosto to third
2-1: Foul Ball, location: 25F
2-2: Strikes out swinging
Batting: RHB Evan Dankowski 0-0: Called Strike
0-1: Ball
1-1: Foul Ball, location: 9LSF
1-2: Ball
2-2: Strikes out swinging
Top of the 1st over - 0 runs, 1 hit, 0 errors, 1 left on base; New York 0 - Cleveland 0
BOTTOM OF THE 1ST
Cleveland Indians batting - Pitching for New York Yankees : RHP Mario Córdova
Pitching: RHP Mario Córdova
Batting: RHB Cowboy Beyer 0-0: Foul Ball, location: 2F
0-1: Foul Ball, location: 2F
0-2: Foul Ball, location: 5F
0-2: Ball
1-2: Strikes out swinging
Batting: RHB Chia-Wei Ni 0-0: Ball
1-0: Called Strike
1-1: Swinging Strike
1-2: Strikes out swinging
Batting: LHB Jonathan DeMarino 0-0: Called Strike
0-1: Foul Ball, location: 2F
0-2: Foul Ball, location: 7LDF
0-2: Ground out U3 (Groundball, 3L, EV 79.4 MPH)
Bottom of the 1st over - 0 runs, 0 hits, 0 errors, 0 left on base; New York 0 - Cleveland 0
TOP OF THE 2ND
New York Yankees batting - Pitching for Cleveland Indians : RHP Declan Ogles
Batting: RHB Elroy Cornett 0-0: Ball
1-0: Ball
2-0: Ball
3-0: Base on Balls
Batting: LHB Jimmy Boyer 0-0: Called Strike
0-1: Bunt missed!
0-2: Ball
1-2: Ball
2-2: SINGLE (Line Drive, 89S, EV 103.8 MPH)
Elroy Cornett to second
Batting: LHB Enrico Mendez 0-0: Swinging Strike
0-1: Swinging Strike
0-2: Strikes out swinging
Batting: SHB Royce Neville 0-0: Called Strike
0-1: Ball
1-1: Foul Ball, location: 2F
1-2: Fly out, F8 (Flyball, 8LD, EV 111.3 MPH)
Batting: LHB Brandon Falguiere 0-0: Foul Ball, location: 23FF
0-1: Foul Ball, location: 9LDF
0-2: Strikes out swinging
Top of the 2nd over - 0 runs, 1 hit, 0 errors, 2 left on base; New York 0 - Cleveland 0
BOTTOM OF THE 2ND
Cleveland Indians batting - Pitching for New York Yankees : RHP Mario Córdova
Batting: RHB Antony Olguin 0-0: Called Strike
0-1: DOUBLE (Line Drive, 89D, EV 99.4 MPH)
Batting: LHB Harrison Waite 0-0: SINGLE (Line Drive, 89S, EV 105.0 MPH)
Antony Olguin to third
Batting: LHB Anibal Gaines 0-0: Called Strike
0-1: Swinging Strike
0-2: Ball
1-2: Strikes out swinging
Batting: RHB Scott Tremblay 0-0: Ball
1-0: Ball
2-0: Foul Ball, location: 3F
2-1: Ball
3-1: Foul Ball, location: 2RF
3-2: Foul Ball, location: 2F
3-2: Fly out, F8 (Line Drive, 8RXD, EV 106.3 MPH)
Runner from 3rd tags up, SCORES, no throw by CF
Batting: RHB Willard Putnam 0-0: TRIPLE (Line Drive, 89XD, EV 105.0 MPH)
Harrison Waite scores
Batting: RHB Berny Orellana 0-0: Ball
1-0: Ball
2-0: Called Strike
2-1: Foul Ball, location: 2F
2-2: Ball
3-2: SINGLE (Line Drive, 6M, EV 100.0 MPH)
Willard Putnam scores
Batting: RHB Cowboy Beyer 0-0: Ball
1-0: Ball
2-0: SINGLE (Flyball, 4D, EV 85.6 MPH)
Berny Orellana to second
Batting: RHB Chia-Wei Ni 0-0: Fly out, F8 (Line Drive, 8RM, EV 87.5 MPH)
Bottom of the 2nd over - 3 runs, 5 hits, 0 errors, 2 left on base; New York 0 - Cleveland 3
TOP OF THE 3RD
New York Yankees batting - Pitching for Cleveland Indians : RHP Declan Ogles
Batting: RHB Goncalves Agosto 0-0: Called Strike
0-1: Ball
1-1: Called Strike
1-2: Ball
2-2: Ball
3-2: Strikes out swinging, 2-3 out at first.
Batting: RHB Zach Loftin 0-0: Ball
1-0: Ball
2-0: Called Strike
2-1: Ball
3-1: Called Strike
3-2: Foul Ball, location: 2F
3-2: Base on Balls
Pitching: RHP Ray Bernard
Batting: LHB Isaiah Howerton 0-0: Ball
1-0: Swinging Strike
1-1: Swinging Strike
1-2: Foul Ball, location: 2F
1-2: Ball
2-2: Foul Ball, location: 2RF
2-2: Foul Ball, location: 7LDF
2-2: Strikes out swinging
Batting: RHB Evan Dankowski 0-0: Called Strike
Zach Loftin steals 2nd base
0-1: Ball
1-1: Called Strike
1-2: Strikes out looking
Top of the 3rd over - 0 runs, 0 hits, 0 errors, 1 left on base; New York 0 - Cleveland 3
BOTTOM OF THE 3RD
Cleveland Indians batting - Pitching for New York Yankees : RHP Mario Córdova
Batting: LHB Jonathan DeMarino 0-0: Ball
1-0: Swinging Strike
1-1: Swinging Strike
1-2: Foul Ball, location: 2F
1-2: Foul Ball, location: 3FF
1-2: Ball
2-2: Ball
3-2: SOLO HOME RUN (Flyball, 89XD, EV 108.8 MPH), Distance : 441 ft
Pitching: RHP Cale Wiltsie
Batting: RHB Antony Olguin 0-0: Fly out, F8 (Flyball, 8RS, EV 91.9 MPH)
Batting: LHB Harrison Waite 0-0: Ball
1-0: Ball
2-0: SINGLE (Line Drive, 3D, EV 94.4 MPH)
Batting: LHB Anibal Gaines 0-0: Ball
1-0: Foul Ball, location: 23F
1-1: Called Strike
1-2: Foul Ball, location: 7LSF
1-2: SINGLE (Flyball, 5D, EV 87.5 MPH)
Harrison Waite to second
Batting: RHB Scott Tremblay 0-0: 3-RUN HOME RUN (Flyball, 7D, EV 110.6 MPH), Distance : 409 ft
Batting: RHB Willard Putnam 0-0: Fly out, F7 (Flyball, 7D, EV 100.6 MPH)
Batting: RHB Berny Orellana 0-0: SINGLE (Line Drive, 8RS, EV 108.8 MPH)
Batting: RHB Cowboy Beyer 0-0: Foul Ball, location: 5SF
0-1: Ball
1-1: Ball
2-1: Ball
3-1: Swinging Strike
3-2: Foul Ball, location: 23F
3-2: DOUBLE (Line Drive, 89D, EV 108.8 MPH)
Berny Orellana to third
Berny Orellana scores
Pitching: RHP Richard Beaty
Batting: RHB Chia-Wei Ni 0-0: Called Strike
0-1: Ball
1-1: SINGLE (Groundball, 56D, EV 105.0 MPH) (infield hit)
Cowboy Beyer to third
Batting: LHB Jonathan DeMarino 0-0: Ball
1-0: Called Strike
1-1: Ball
2-1: Foul Ball, location: 2F
2-2: Fly out, F9 (Flyball, 89S, EV 87.5 MPH)
Bottom of the 3rd over - 5 runs, 7 hits, 0 errors, 2 left on base; New York 0 - Cleveland 8
TOP OF THE 4TH
New York Yankees batting - Pitching for Cleveland Indians : RHP Ray Bernard
Batting: RHB Elroy Cornett 0-0: Ball
1-0: Ball
2-0: Ball
3-0: Called Strike
3-1: Called Strike
3-2: Fly out, F5 (Line Drive, 6, EV 66.3 MPH)
Batting: LHB Jimmy Boyer 0-0: Called Strike
0-1: Swinging Strike
0-2: Ball
1-2: Strikes out looking
Batting: LHB Enrico Mendez 0-0: Ball
1-0: Ball
2-0: Fly out, F7 (Line Drive, 7S, EV 91.9 MPH)
Top of the 4th over - 0 runs, 0 hits, 0 errors, 0 left on base; New York 0 - Cleveland 8
BOTTOM OF THE 4TH
Cleveland Indians batting - Pitching for New York Yankees : RHP Richard Beaty
Pitching: RHP Dave Toller
Batting: RHB Antony Olguin 0-0: SINGLE (Line Drive, 9LM, EV 100.0 MPH)
Batting: LHB Harrison Waite 0-0: Ball
1-0: Ball
2-0: Called Strike
2-1: Foul Ball, location: 2F
2-2: SINGLE (Line Drive, 8RS, EV 102.5 MPH)
Antony Olguin to second
Batting: LHB Anibal Gaines 0-0: Ball
1-0: Called Strike
1-1: SINGLE (Groundball, 34D, EV 107.5 MPH)
Antony Olguin to third
Harrison Waite to second
Batting: RHB Scott Tremblay 0-0: Called Strike
0-1: Fly out, F3 (Popup, 34, EV 76.9 MPH)
Pinch Hitting: RHB Chollo Calzado 0-0: Ball
1-0: Fly out, F5 (Popup, 56S, EV 66.3 MPH)
Batting: RHB Berny Orellana 0-0: Ball
1-0: Ball
2-0: Foul Ball, location: 2F
2-1: Foul Ball, location: 3SF
2-2: Fielders Choice at 2nd, 6-4 (Groundball, 6, EV 89.4 MPH)
Bottom of the 4th over - 0 runs, 3 hits, 0 errors, 3 left on base; New York 0 - Cleveland 8
TOP OF THE 5TH
New York Yankees batting - Pitching for Cleveland Indians : RHP Ray Bernard
Pitching: RHP Chuck Mullenix
Now at 1B: Ron Hicks
Now at 3B: Chollo Calzado
Now at SS: Cory Martínez
Batting: SHB Royce Neville 0-0: Foul Ball, location: 7LSF
0-1: Called Strike
0-2: Ball
1-2: Ground out 4-3 (Groundball, 4, EV 88.1 MPH)
Batting: LHB Brandon Falguiere 0-0: Called Strike
0-1: Fly out, F8 (Flyball, 8RD, EV 101.9 MPH)
Pinch Hitting: LHB Brice Brooker 0-0: SINGLE (Groundball, 34D, EV 101.9 MPH)
Pinch Hitting: LHB Dave Herbster 0-0: Ball
Brice Brooker steals 2nd base (no throw)
1-0: Called Strike
1-1: Ball
2-1: Swinging Strike
2-2: 2-RUN HOME RUN (Flyball, 9LD, EV 95.6 MPH), Distance : 352 ft
Pinch Hitting: RHB Duane Adebisi 0-0: Ball
1-0: Foul Ball, location: 5F
1-1: Foul Ball, location: 2F
1-2: Strikes out swinging
Top of the 5th over - 2 runs, 2 hits, 0 errors, 0 left on base; New York 2 - Cleveland 8
BOTTOM OF THE 5TH
Cleveland Indians batting - Pitching for New York Yankees : RHP Dave Toller
Pitching: RHP Adonis De Armas
Now at 1B: Duane Adebisi
Now at 2B: Emerson Chinea
Now at SS: Dave Herbster
Now in LF: Brice Brooker
Now in CF: Chaz Schwartz
Now in RF: Malcolm Boyd
Batting: RHB Cowboy Beyer 0-0: Foul Ball, location: 2F
0-1: Swinging Strike
0-2: Ball
1-2: Ball
2-2: Foul Ball, location: 9LMF
2-2: Ball
3-2: Base on Balls
Batting: RHB Ron Hicks 0-0: SINGLE (Line Drive, 89M, EV 96.3 MPH)
Cowboy Beyer to second
Batting: LHB Parker Mola 0-0: Foul Ball, location: 2F
0-1: Ball
1-1: Ball
2-1: Grounds into double play, 6-4-3 (Groundball, 6, EV 91.3 MPH)
Cowboy Beyer to third
Batting: RHB Antony Olguin 0-0: Ground out 4-3 (Groundball, 34D, EV 98.1 MPH)
Bottom of the 5th over - 0 runs, 1 hit, 0 errors, 1 left on base; New York 2 - Cleveland 8
TOP OF THE 6TH
New York Yankees batting - Pitching for Cleveland Indians : RHP Chuck Mullenix
Pitching: LHP Jason Seal
Now at C: Paquito Peña
Now at 2B: Steven Nealy
Now in LF: Richard Holden
Now in CF: Dave Brickey
Batting: RHB Rob Bell 0-0: TRIPLE (Flyball, 7LD, EV 89.4 MPH)
Pinch Hitting: SHB Jared Calhoun 0-0: Called Strike
0-1: Called Strike
0-2: Ball
1-2: DOUBLE (Line Drive, 89XD, EV 100.6 MPH)
Rob Bell scores
Batting: LHB Malcolm Boyd 0-0: Ball
1-0: Ball
2-0: Foul Ball, location: 2F
2-1: Ground out 6-3 (Groundball, 6M, EV 106.3 MPH)
Batting: RHB Emerson Chinea 0-0: Ball
1-0: Ball
2-0: Ball
3-0: Called Strike
3-1: Foul Ball, location: 2F
3-2: Ground out 6-3 (Groundball, 6, EV 99.4 MPH)
Batting: SHB Royce Neville 0-0: Ball
1-0: Ball
2-0: Called Strike
2-1: Ball
3-1: Base on Balls
Batting: LHB Chaz Schwartz 0-0: Called Strike
0-1: Fly out, F4 (Line Drive, 4, EV 68.1 MPH)
Top of the 6th over - 1 run, 2 hits, 0 errors, 2 left on base; New York 3 - Cleveland 8
BOTTOM OF THE 6TH
Cleveland Indians batting - Pitching for New York Yankees : RHP Adonis De Armas
Pitching: RHP Jonathan Olson
Now at 3B: Jared Calhoun
Batting: SHB Steven Nealy 0-0: SINGLE (Groundball, 6MD, EV 107.5 MPH)
Batting: RHB Cory Martínez 0-0: Ball
1-0: Swinging Strike
1-1: Called Strike
1-2: Strikes out swinging
Batting: RHB Richard Holden 0-0: Ball
1-0: Called Strike
1-1: Foul Ball, location: 5F
1-2: Ball
2-2: SINGLE (Line Drive, 9S, EV 102.5 MPH)
Steven Nealy to second
Batting: RHB Chollo Calzado 0-0: Ball
1-0: Ball
2-0: Foul Ball, location: 2RF
2-1: Called Strike
2-2: Fly out, F7 (Line Drive, 7, EV 95.0 MPH)
Batting: RHB Dave Brickey 0-0: Ground out 5-3 (Groundball, 56S, EV 84.4 MPH)
Bottom of the 6th over - 0 runs, 2 hits, 0 errors, 2 left on base; New York 3 - Cleveland 8
TOP OF THE 7TH
New York Yankees batting - Pitching for Cleveland Indians : LHP Jason Seal
Pitching: RHP Luther Hara
Now in RF: Breki Hannibalsson
Batting: LHB Brice Brooker 0-0: Swinging Strike
0-1: Ball
1-1: Foul Ball, location: 2F
1-2: Foul Ball, location: 2F
1-2: Strikes out looking
Batting: LHB Dave Herbster 0-0: Swinging Strike
0-1: Ball
1-1: Foul Ball, location: 2F
1-2: Ball
2-2: Ball
3-2: Strikes out swinging
Batting: RHB Duane Adebisi 0-0: Fly out, F9 (Flyball, 89M, EV 92.5 MPH)
Top of the 7th over - 0 runs, 0 hits, 0 errors, 0 left on base; New York 3 - Cleveland 8
BOTTOM OF THE 7TH
Cleveland Indians batting - Pitching for New York Yankees : RHP Jonathan Olson
Pitching: RHP Nathaniel Murphy
Batting: LHB Paquito Peña 0-0: Called Strike
0-1: Foul Ball, location: 3F
0-2: Ball
1-2: Ball
2-2: Ball
3-2: Base on Balls
Batting: RHB Ron Hicks 0-0: Ball
1-0: Fielders Choice at 2nd, 6-4 (Groundball, 6, EV 88.8 MPH)
Batting: LHB Parker Mola 0-0: SINGLE (Line Drive, 56D, EV 95.6 MPH)
Ron Hicks to second
Batting: LHB Breki Hannibalsson 0-0: Grounds into double play, 4-6-3 (Groundball, 4, EV 97.5 MPH)
Bottom of the 7th over - 0 runs, 1 hit, 0 errors, 1 left on base; New York 3 - Cleveland 8
TOP OF THE 8TH
New York Yankees batting - Pitching for Cleveland Indians : RHP Luther Hara
Pitching: LHP Cesaro Cavazos
Batting: RHB Rob Bell 0-0: Ball
1-0: Fly out, F7 (Flyball, 78M, EV 88.1 MPH)
Batting: SHB Jared Calhoun 0-0: Ground out 6-3 (Groundball, 6S, EV 69.4 MPH)
Batting: LHB Malcolm Boyd 0-0: Swinging Strike
0-1: Ground out 6-3 (Groundball, 6M, EV 84.4 MPH)
Top of the 8th over - 0 runs, 0 hits, 0 errors, 0 left on base; New York 3 - Cleveland 8
BOTTOM OF THE 8TH
Cleveland Indians batting - Pitching for New York Yankees : RHP Nathaniel Murphy
Pitching: RHP Kaleb Martin
Batting: SHB Steven Nealy 0-0: Ball
1-0: Foul Ball, location: 7LMF
1-1: Ball
2-1: Swinging Strike
2-2: Strikes out looking
Batting: RHB Cory Martínez 0-0: Called Strike
0-1: Ball
1-1: Ground out 6-3 (Groundball, 56D, EV 103.8 MPH)
Batting: RHB Richard Holden 0-0: Foul Ball, location: 3DF
0-1: Ball
1-1: Swinging Strike
1-2: Foul Ball, location: 3DF
1-2: Ball
2-2: Ball
3-2: Foul Ball, location: 5FF
3-2: Base on Balls
Pitching: RHP Matt John
Pinch Hitting: RHB Gage Timko 0-0: Called Strike
0-1: Ball
Pickoff Throw by Catcher to First - Out!
Bottom of the 8th over - 0 runs, 0 hits, 0 errors, 0 left on base; New York 3 - Cleveland 8
TOP OF THE 9TH
New York Yankees batting - Pitching for Cleveland Indians : LHP Cesaro Cavazos
Pitching: LHP Edgard Baez
Now at 3B: Gage Timko
Batting: RHB Emerson Chinea 0-0: Called Strike
0-1: Ball
1-1: Swinging Strike
1-2: Strikes out looking
Pinch Hitting: RHB C.J. Thompson 0-0: Called Strike
0-1: Fly out, F7 (Line Drive, 7, EV 91.9 MPH)
Batting: LHB Chaz Schwartz 0-0: Ball
1-0: Called Strike
1-1: Ball
2-1: Ball
3-1: Swinging Strike
3-2: Strikes out swinging
Top of the 9th over - 0 runs, 0 hits, 0 errors, 0 left on base; New York 3 - Cleveland 8
Sunday, April 14th , 2024 - OOTP Baseball 24.11 Build 85